 Dungeon Crawl Stone Soup version 0.22.1 (webtiles) character file.

77 IceCat the Ruffian (level 4, -5/35 HPs)
             Began as a Draconian Transmuter on Sept 18, 2018.
             Slain by Natasha (9 damage)
             ... on level 2 of the Dungeon.
             The game lasted 00:03:09 (1571 turns).

IceCat the Ruffian (Draconian Transmuter)           Turns: 1571, Time: 00:03:10

Health: -5/35      AC:  6    Str: 14    XL:     4   Next: 13%
Magic:  6/7        EV: 12    Int: 13    God:
Gold:   49         SH:  0    Dex: 11    Spells: 5/8 levels left

rFire    . . .     SeeInvis .     - Unarmed
rCold    . . .     Gourm    .   (no shield)
rNeg     . . .     Faith    .   (armour unavailable)
rPois    .         Spirit   .   (helmet restricted)
rElec    .         Reflect  .   (no cloak)
rCorr    .         Harm     .   (no gloves)
MR       .....                  e - +0 pair of boots (curse)
Stlth    +.........             (no amulet)
HPRegen  0.11/turn              (no ring)
MPRegen  0.10/turn              (no ring)

@: appendage
A: unfitting armour, horns 2, cold-blooded, AC +5
a: End Transformation


You were on level 2 of the Dungeon.
You were hungry.
You had grown temporary horns.
You visited 1 branch of the dungeon, and saw 2 of its levels.

You collected 49 gold pieces.

Inventory:

Missiles
 a - 12 arrows
Armour
 e - a cursed +0 pair of boots (worn)
Jewellery
 f - an uncursed ring of fire {unknown}
Scrolls
 b - a scroll of teleportation {unknown}
 d - a scroll of magic mapping {unknown}
 i - a scroll of remove curse {unknown}
Potions
 g - a potion of heal wounds {unknown}
 h - a potion of degeneration {unknown}
Comestibles
 c - 2 rations


   Skills:
 + Level 1.6 Fighting
 + Level 2.1 Dodging
 * Level 3.6 Unarmed Combat
 * Level 2.6 Spellcasting
 * Level 2.8 Transmutations


You had 5 spell levels left.
You knew the following spells:

 Your Spells              Type           Power        Failure   Level  Hunger
a - Beastly Appendage     Tmut           #.....       8%          1    #......
b - Sticks to Snakes      Tmut           #.......     11%         2    ###....

Your spell library contained the following spells:

 Spells                   Type           Power        Failure   Level  Hunger
 Spider Form              Tmut/Pois      #.........   38%         3    ###....
 Ice Form                 Ice/Tmut       #.......     80%         4    #####..
 Blade Hands              Tmut           #.........   90%         5    ######.


Dungeon Overview and Level Annotations

Branches:
Dungeon (2/15)

Altars:

Annotations:
D:2 Natasha, Terence


Innate Abilities, Weirdness & Mutations

Your plain brown scales are hard. (AC +5)
You cannot fit into any form of body armour.
You are cold-blooded and may be slowed by cold attacks.
You have a pair of horns on your head.


Message History

Natasha claws you.
You barely miss Natasha.
Natasha is lightly wounded.
Natasha claws you but does no damage.
You barely miss Natasha. You tail-slap Natasha.
Natasha is moderately wounded.
Natasha misses you.
Casting: Beastly Appendage (safe; 8% risk of failure)
Confirm with . or Enter, or press ? or * to list all spells.
You grow a pair of large bovine horns.
Natasha stares at you and mumbles some strange words.
The magic dart hits you!
* * * LOW HITPOINT WARNING * * *
You closely miss Natasha. Your headbutt misses Natasha.
Natasha is moderately wounded.
Natasha closely misses you.
You barely miss Natasha.
Natasha is moderately wounded.
Natasha claws you!
You die...

.
#..........#
.
#.########.#
. #.# #.#
#.# #.# #.#
#.# #.# #.#
#.# #.# #
#.# #.#
..#.######@#
#<#
>.......5h.#
#.#
.......)####
#.#
##.####.#
#.# #.# #.##
#.# #..# #.#
##.# #.# #.#
#.# #.#


You could see Natasha and a white imp.

Vanquished Creatures
  Natasha (D:2)
  An adder (D:2)
  2 oozes
  A worm (D:2)
  2 leopard geckos
  3 bats
  A giant cockroach (D:2)
  3 goblins
  4 hobgoblins
  5 kobolds
  3 frilled lizards
  6 rats
32 creatures vanquished.

Notes
Turn   | Place    | Note
-------+----------+-------------------------------------------
     0 | D:1      | IceCat the Draconian Transmuter began the quest for the
                  | Orb.
     0 | D:1      | Reached XP level 1. HP: 16/16 MP: 3/3
   576 | D:1      | Reached XP level 2. HP: 23/23 MP: 5/5
   877 | D:2      | Noticed Natasha
   885 | D:2      | Killed Natasha
   885 | D:2      | Reached XP level 3. HP: 21/28 MP: 3/6
  1284 | D:2      | Reached XP level 4. HP: 35/35 MP: 5/7
  1330 | D:2      | Noticed Terence
  1550 | D:2      | Learned a level 2 spell: Sticks to Snakes
  1550 | D:2      | Noticed Natasha
  1571 | D:2      | Slain by Natasha

Skill      XL: |  1  2 |
---------------+-------+-----
Dodging        | 2 |  2.1
Fighting       | |  1.6
Unarmed Combat | |  3.6
Spellcasting   | |  2.6
Transmutations | |  2.8

Action                   |  1- 3 |  4- 6 || total
-------------------------+-------+-------++-------
Melee: Unarmed           |    76 |    41 ||   117
       Tailslap          |    13 |     4 ||    17
       Headbutt          |     6 |     3 ||     9
       Punch             |       |     2 ||     2
 Cast: Beastly Appendage |    15 |     5 ||    20
  Eat: Chunk             |     1 |     1 ||     2
Armor: Skin              |    23 |     6 ||    29
Dodge: Dodged            |    31 |    28 ||    59
